 Dungeon Crawl Stone Soup version 0.17-a0-995-gb5fa8d7 (webtiles) character file.

622 oplop the Spear-Bearer (level 7, 0/55 HPs)
             Began as a Merfolk Chaos Knight on May 12, 2015.
             Succumbed to a water moccasin's poison
             ... on level 5 of the Dungeon.
             The game lasted 00:14:47 (3845 turns).

oplop the Spear-Bearer (Merfolk Chaos Knight)       Turns: 3845, Time: 00:14:48

Health: 0/55       AC:  8    Str: 13      XL:     7   Next: 46%
Magic:  7/7        EV: 13    Int: 11      God:    Xom [*.....]
Gold:   175        SH:  0    Dex: 12 (13) Spells: 0 memorised, 6 levels left

rFire  + . .     SeeInvis .     v - -2 blowgun (curse)
rCold  . . .     Rnd*Rage +     b - +2 leather armour
rNeg   . . .     SustAb   .     (no shield)
rPois  .         Gourm    .     m - +1 helmet
rElec  .         Spirit   .     (no cloak)
rCorr  .         Warding  .     l - +0 pair of gloves
rMut   .         Stasis   .     (no boots)
MR     +....                    (no amulet)
Stlth  +.........               s - ring of protection from magic
                                f - ring of protection from fire

@: lethally poisoned (0 -> -11), somewhat resistant to hostile enchantments,
very unstealthy
A: change form in water, swift swim, fangs 1, berserk 1, clumsy 1, wild magic 1,
MP-powered wands
a: Renounce Religion


You were on level 5 of the Dungeon.
You worshipped Xom.
You were a special plaything of Xom.
You were not hungry.

You visited 1 branch of the dungeon, and saw 5 of its levels.

You collected 175 gold pieces.

Inventory:

Hand weapons
 a - a +0 spear of chaos
 j - a +0 blowgun
 r - a +2 spear of piercing
 v - a cursed -2 blowgun (weapon)
Missiles
 w - 3 poisoned needles (quivered)
Armour
 b - a +2 leather armour (worn)
 l - a +0 pair of gloves (worn)
 m - a +1 helmet (worn)
Jewellery
 f - a ring of protection from fire (left hand)
 s - a ring of protection from magic (right hand)
 y - an uncursed amulet of resist mutation
Magical devices
 k - a wand of polymorph (3)
Scrolls
 o - 2 scrolls of enchant armour
 x - 5 scrolls of identify
Potions
 d - a potion of invisibility
 e - 2 potions of flight
 n - a potion of curing
Comestibles
 c - 3 bread rations
 g - a beef jerky
 i - 2 meat rations
 p - a chunk of flesh


   Skills:
 - Level 4.6 Fighting
 + Level 8.6 Polearms
 + Level 3.9 Throwing
 - Level 0.6 Armour
 - Level 4.4 Dodging


You had 6 spell levels left.
You didn't know any spells.

Dungeon Overview and Level Annotations

Branches:
Dungeon (5/15)
 Temple: D:4-7

Altars:
Fedhas
Gozag
Makhleb
Qazlal
Zin


Innate Abilities, Weirdness & Mutations

You revert to your normal form in water.
You are very nimble and swift while swimming.
You have very sharp teeth.
You tend to lose your temper in combat.
You are clumsy. (Dex -2)
Your spells are a little harder to cast, but a little more powerful.
You expend magic power (3 MP) to strengthen your wands.


Message History

You shoot a poisoned needle.
The poisoned needle hits the water moccasin!
The water moccasin looks even sicker.
The water moccasin is heavily wounded.
* * * LOW HITPOINT WARNING * * *
You feel sick. The water moccasin barely misses you.
Firing (i - inventory):
w - 5 poisoned needles (quivered)
Press: ? - help, Shift-Dir - straight line, f/p - water moccasin
Aim: a water moccasin (heavily wounded, poisoned)
You shoot a poisoned needle.
The poisoned needle closely misses the water moccasin.
* * * LOW HITPOINT WARNING * * *
You feel sick. The water moccasin closely misses you.
Firing (i - inventory):
w - 4 poisoned needles (quivered)
Press: ? - help, Shift-Dir - straight line, f/p - water moccasin
Aim: a water moccasin (heavily wounded, poisoned)
You shoot a poisoned needle.
The poisoned needle closely misses the water moccasin.
You die...
Xom laughs nastily!

.### ## ..#. <# ## . ..
. . #.##. #.#. .## #..
#..(## ..# ..#.
#>.#....###.# ...#
#....S..##.## ..#
#..%.@....#.# ##.#
#...(.........## #..###
.(...$.........####.....
.(..............##......
........................
##......................
##.#...................
..##..................
.................#


You could see a water moccasin.

Vanquished Creatures
  Sigmund (D:4)
  Blork the orc (D:4)
  2 scorpions (D:4)
  An orc priest (D:3)
  A hound (D:3)
  An orc wizard (D:5)
  Terence (D:2)
  Robin (D:2)
  5 adders
  2 oozes
  2 worms (D:2)
  4 giant geckos
  15 orcs
  5 bats
  A giant cockroach (D:2)
  17 goblins
  10 hobgoblins
  2 quokkas
  2 ball pythons
  7 giant newts
  8 kobolds
  11 rats
100 creatures vanquished.

Vanquished Creatures (collateral kills)
  A hound zombie (D:5)
  A shadow imp (D:5)
  A bat (D:5)
  A bat skeleton (D:5)
  A goblin (D:5)
5 creatures vanquished.

Grand Total: 105 creatures vanquished

Notes
Turn   | Place    | Note
--------------------------------------------------------------
     0 | D:1      | oplop the Merfolk Chaos Knight began the quest for the Orb.
     0 | D:1      | Reached XP level 1. HP: 18/18 MP: 1/1
    40 | D:1      | XOM: divination: detect items
    96 | D:1      | XOM: harmless Ice miscast
   150 | D:1      | XOM: enchant monster (good)
   159 | D:1      | Reached XP level 2. HP: 21/24 MP: 2/2
   437 | D:1      | XOM: vitrification
   516 | D:1      | Reached skill level 5 in Polearms
   575 | D:2      | Reached XP level 3. HP: 30/30 MP: 3/3
   577 | D:2      | Noticed Robin
   595 | D:1      | XOM: smoke on damage
   663 | D:2      | Noticed Terence
   679 | D:2      | Killed Terence
   679 | D:2      | Reached XP level 4. HP: 22/37 MP: 4/4
   791 | D:2      | XOM: fog
   798 | D:2      | Killed Robin
   897 | D:2      | Found a burning altar of Makhleb.
  1014 | D:2      | XOM: colour smoke trail
  1427 | D:3      | Reached XP level 5. HP: 37/43 MP: 5/5
  1435 | D:3      | Reached skill level 6 in Polearms
  1649 | D:3      | Found a stormy altar of Qazlal.
  1763 | D:3      | XOM: confusion
  1902 | D:3      | Found a blossoming altar of Fedhas.
  1912 | D:3      | Reached skill level 1 in Throwing
  2244 | D:3      | XOM: harmless Conj miscast
  2274 | D:4      | XOM: silly message
  2289 | D:4      | XOM: medium Tloc miscast
  2290 | D:4      | Noticed a spatial vortex
  2290 | D:4      | Noticed a spatial vortex
  2308 | D:4      | XOM: noise
  2319 | D:4      | Noticed Blork the orc
  2357 | D:4      | Reached XP level 6. HP: 22/49 MP: 6/6
  2479 | D:4      | Noticed Sigmund
  2490 | D:4      | XOM: confusion
  2493 | D:4      | Killed Sigmund
  2493 | D:4      | Reached skill level 7 in Polearms
  2564 | D:4      | Found a glowing silver altar of Zin.
  2612 | D:4      | XOM: smoke on damage
  2641 | D:4      | XOM: mild Summ miscast
  2668 | D:4      | Reached XP level 7. HP: 42/55 MP: 7/7
  2689 | D:4      | Killed Blork the orc
  2689 | D:4      | Reached skill level 8 in Polearms
  2693 | D:4      | Gained mutation: You tend to lose your temper in combat. [potion of mutation]
  2693 | D:4      | Gained mutation: You have very sharp teeth. [potion of mutation]
  2768 | D:4      | XOM: chaos cloud
  2774 | D:4      | XOM: enchant monster (good)
  2878 | D:3      | XOM: colour smoke trail
  2933 | D:3      | XOM: scenery: 1 doors open
  3045 | D:4      | Found an opulent altar of Gozag.
  3144 | D:4      | XOM: fog
  3170 | D:5      | Entered Level 5 of the Dungeon
  3366 | D:5      | XOM: fake destruction
  3630 | D:5      | XOM: summons friendly rust devil
  3826 | D:5      | XOM: confuse monster(s)
  3837 | D:5      | Gained mutation: You expend magic power (3 MP) to strengthen your wands. [potion of mutation]
  3837 | D:5      | Gained mutation: Your spells are a little harder to cast, but a little more powerful. [potion of mutation]
  3837 | D:5      | Gained mutation: You are clumsy. (Dex -2) [potion of mutation]
  3841 | D:5      | XOM: harmless Hex miscast
  3841 | D:5      | HP: 2/55 [water moccasin (1)]
  3845 | D:5      | Succumbed to a water moccasin's poison

Vault maps used:
D:1:      lightli_arrival_maybe_door_vault, st_stairs_10
D:2:      lemuel_doored_altar, first_bread, uniq_terence, uniq_robin
D:3:      grunt_temple_overflow_forces_of_nature, eino_tiny_chamber,
          grunt_ministairs_4, minmay_misc_feat_roman
D:4:      zin_academy, grunt_gozag_statues, uniq_blork_the_orc, uniq_sigmund

Action                   |  1- 3 |  4- 6 |  7- 9 || total
-------------------------+-------+-------+-------++-------
Melee: Spear             |   103 |   120 |       ||   223
       Unarmed           |     5 |     2 |       ||     7
       Blowgun           |       |     2 |   177 ||   179
 Fire: Blowgun           |       |    59 |    71 ||   130
  Use: Scroll            |     2 |     4 |       ||     6
       Potion            |       |       |    10 ||    10
 Stab: Confused          |     1 |     1 |       ||     2
       Petrified         |       |     1 |       ||     1
       Sleeping          |       |     1 |     2 ||     3
  Eat: Chunk             |       |     4 |     2 ||     6
       Beef jerky        |       |     1 |       ||     1
       Royal jelly       |       |       |     1 ||     1
       Pizza             |       |       |     1 ||     1
